 Dungeon Crawl Stone Soup version 0.23.0 (webtiles) character file.

Game seed: 10994329730227790299

11 Esekla the Skirmisher (level 2, 0/21 HPs)
             Began as an Octopode Abyssal Knight on Feb 16, 2019.
             Was a Follower of Lugonu.
             Slain by Sigmund
             ... wielding a +2 scythe of venom
              (7 damage)
             ... on level 2 of the Dungeon.
             The game lasted 00:03:55 (517 turns).

Esekla the Skirmisher (Octopode Abyssal Knight)      Turns: 517, Time: 00:03:56

Health: 0/21       AC:  1    Str: 11    XL:     2   Next: 29%
Magic:  3/3        EV: 13    Int: 14    God:    Lugonu [*.....]
Gold:   25         SH:  0    Dex: 11    Spells: 1/1 levels left

rFire    . . .     SeeInvis .   a - +1 falchion
rCold    . . .     Gourm    .   (no shield)
rNeg     + . .     Faith    .   (helmet restricted)
rPois    .         Spirit   .   (no amulet)
rElec    .         Reflect  .   d - ring of positive energy
rCorr    .         Harm     .   (no ring)
MR       .....                  (no ring)
Stlth    ++........             (no ring)
HPRegen  0.07/turn              (no ring)
MPRegen  0.08/turn              (no ring)
                                (no ring)
                                (no ring)

@: lethally poisoned (0 -> -8)
A: almost no armour, stealthy swim, amphibious, 8 rings, constrict 8, camouflage
1, gelatinous body 1
a: Depart the Abyss, Renounce Religion


You were on level 2 of the Dungeon.
You worshipped Lugonu.
Lugonu was aware of your devotion.
You were not hungry.

You visited 1 branch of the dungeon, and saw 2 of its levels.
You visited the Abyss 1 time.

You collected 25 gold pieces.

Inventory:

Hand Weapons
 a - a +1 falchion (weapon)
Jewellery
 d - a ring of positive energy (left tentacle)
Scrolls
 c - a scroll of teleportation {unknown}
Potions
 e - a potion of brilliance {unknown}
Comestibles
 b - 2 rations


   Skills:
 + Level 3.2 Fighting
 * Level 2.4 Long Blades
 + Level 2.4 Dodging
 + Level 2.1 Invocations


You had one spell level left.
You didn't know any spells.
Your spell library was empty.

Dungeon Overview and Level Annotations

Branches:
Dungeon (2/15)

Altars:

Annotations:
D:2 Sigmund


Innate Abilities, Weirdness & Mutations

You cannot wear most types of armour.
You are very stealthy in the water. (Stealth+)
You are amphibious.
You can wear up to eight rings at the same time.
You can use your tentacles to constrict eight enemies at once.
Your skin changes colour to match your surroundings (Stealth+).
Your rubbery body absorbs attacks. (AC +1, EV +1)


Message History

You hit the hobgoblin.
You kill the hobgoblin!
Lugonu accepts your kill.
Sigmund the Dreaded comes into view.
He is wielding a +2 scythe of venom and carrying a wand of random effects (14).
Sigmund closely misses you.
You riposte.
You closely miss Sigmund. You grab Sigmund.
You see here a +0 club.
You hit Sigmund. You squeeze Sigmund.
Sigmund is lightly wounded.
You constrict Sigmund. You hit Sigmund. You squeeze Sigmund, but do no damage.
Sigmund is lightly wounded.
You constrict Sigmund, but do no damage.
Sigmund hits you with a +2 scythe of venom!
Ouch! That really hurt!
You are lethally poisoned!
You hit Sigmund.
Sigmund is moderately wounded.
You constrict Sigmund.
You feel sick.
Sigmund hits you with a +2 scythe of venom!
You die...

#.# #.# # #.# ##.##
#...##.########...####
......................+
##...##.########..(####
##. #.# ##.## # #.# #.#
#.# ####.# ..# #.@..#
### #@#### #. #. #. #.
##


You could see Sigmund.

Vanquished Creatures
  A dart slug (D:1)
  A ball python (D:1)
  3 hobgoblins
  2 bats (D:1)
  A kobold (D:1)
  2 rats (D:2)
10 creatures vanquished.

Notes
Turn   | Place    | Note
-------+----------+-------------------------------------------
     0 | Abyss:1  | Esekla the Octopode Abyssal Knight began the quest for the
                  | Orb.
     0 | Abyss:1  | Reached XP level 1. HP: 16/16 MP: 2/2
    16 | Abyss:1  | Found a corrupted altar of Lugonu.
    40 | Abyss:1  | Found a corrupted altar of Lugonu.
    82 | Abyss:1  | Noticed a green death
    88 | Abyss:1  | Noticed a large abomination
   100 | Abyss:1  | Noticed a fire giant skeleton
   100 | Abyss:1  | Noticed a large abomination
   105 | Abyss:1  | Noticed a tormentor
   107 | D:1      | Escaped the Abyss
   368 | D:1      | Reached * piety under Lugonu
   370 | D:1      | Reached XP level 2. HP: 16/21 MP: 3/3
   513 | D:2      | Noticed Sigmund
   517 | D:2      | Slain by Sigmund

Action                   || total
-------------------------++-------
Melee: Falchion          ||    16
       Constrict         ||     7
       Tentacles         ||     7
Invok: Depart the Abyss  ||     1
 Stab: Sleeping          ||     1
Armor: Skin              ||     1
Dodge: Dodged            ||    13
       Rpst.: Falchion   ||     8
